 Dungeon Crawl Stone Soup version 0.32-a0-900-g30fb1b0edc (webtiles) character file.

Game seed: 4544029109752627828

549309 RBrandon the Phalangite (level 26, -15/193 (197) HPs)
             Began as a Coglin Berserker on Apr 5, 2024.
             Was a High Priest of Trog.
             Killed from afar by a yellow draconian (16 damage)
             ... with a splash of acid
             ... led by a green draconian monk
             ... on level 2 of the Realm of Zot.
             The game lasted 01:57:46 (52240 turns).

RBrandon the Phalangite (Coglin Berserker)         Turns: 52240, Time: 01:57:47

HP:   -15/193 (197) AC: 35    Str: 26    XL:     26   Next: 26%
MP:   1/20          EV: 16    Int:  8    God:    Trog [*****.]
Gold: 2823          SH:  0    Dex: 16    Spells: 25/25 levels left

rFire   + . .        a - +18 lance "Wyrmbane" {slay drac, rPois rF+ rC+ AC+3}
rCold   + . .        Z - +16 obsidian axe {drain, demonic, Mesm ^Drain Fly SInv}
rNeg    . . .        T - +1 storm dragon scales
rPois   +            g - +2 helmet {SInv}
rElec   +            B - +2 cloak {Will+}
rCorr   .            V - +2 pair of gloves {infuse}
SInv    +            d - +3 pair of seven-league boots {Rampage+∞}
Will    +++..        (amulet unavailable) Stlth
                     (ring unavailable)
HPRegen 0.52/turn    (ring unavailable)
MPRegen 0.17/turn    p - actuated encabulator {Will+ Slay+3 Clar RMsl}

%: repel missiles, clarity, rampage+∞, infuse magic (1 MP)
@: corroded, on berserk cooldown, flying, mesmerised, slowed, studying Axes,
lightly drained, invisible, revving, very slow
A: off-hand wielding, slow wielding, warmup strikes, no jewellery, frail 1, low
MP 1
}: 3/15 runes: serpentine, barnacled, silver
a: Renounce Religion, Berserk, Trog's Hand, Brothers in Arms


You were on level 2 of the Realm of Zot.
You worshipped Trog.
Trog was extremely pleased with you.
You visited 8 branches of the dungeon, and saw 44 of its levels.
You also visited: Sewer.

You collected 5007 gold pieces.
You spent 2184 gold pieces at shops.

Inventory:

Hand Weapons
 a - the +18 lance "Wyrmbane" (weapon) {slay drac, rPois rF+ rC+ AC+3}
   (You took it off Maggie on level 6 of the Dungeon)

   AC+3:      It affects your AC (+3).
   rF+:       It protects you from fire.
   rC+:       It protects you from cold.
   rPois:     It protects you from poison.
 b - a +6 demon trident of freezing {Kyogo}
   (You took it off a merfolk impaler on level 1 of the Shoals)
 S - the +12 broad axe of the Depths {flame, Str+6}
   (Trog gifted it to you on level 4 of the Vaults)

   Str+6:     It affects your strength (+6).
 Z - the +16 obsidian axe (offhand) {drain, demonic, Mesm ^Drain Fly SInv}
   (You found it on level 15 of the Dungeon)

   Mesm:      Its wielder is mesmerised by any visible foes, and it cannot be
   unequipped while any foes are visible.
   SInv:      It lets you see invisible.
   Fly:       It grants you flight.
   ^Drain:    It drains your maximum health when unequipped.
Missiles
 c - 9 throwing nets (quivered)
Armour
 d - the +3 pair of seven-league boots (worn) {Rampage+∞}
   (You bought it in a shop on level 3 of the Shoals)

   Rampage+∞: When moving toward enemies, its wearer moves as far as possible,
   alerting their target en route.
 g - a +2 helmet of see invisible (worn)
   (You bought it in a shop on level 2 of the Orcish Mines)
 B - a +2 cloak of willpower (worn)
   (You took it off Crazy Yiuf on level 4 of the Dungeon)
 D - quicksilver dragon scales
 T - +1 storm dragon scales (worn)
 V - a +2 pair of gloves of infusion (worn)
   (You found it on level 5 of the Vaults)
Gizmo
 p - an actuated encabulator (installed) {Will+ Slay+3 Clar RMsl}
   (You invented it yourself on level 5 of the Lair of Beasts)

   [actuated encabulator]

   Slay+3:    It affects your accuracy & damage with ranged weapons and melee
   (+3).
   Will+:     It increases your willpower.
   Clar:      It protects you from confusion, rage, mesmerisation and fear.
   RMsl:      It protects you from missiles.
Wands
 k - a wand of paralysis (22)
 z - a wand of polymorph (15)
 E - a wand of roots (18)
 I - a wand of quicksilver (10)
 P - a wand of digging (16)
 Q - a wand of mindburst (22)
 Y - a wand of flame (38)
Scrolls
 f - 24 scrolls of teleportation
 h - 8 scrolls of fog
 i - 5 scrolls of torment
 j - 5 scrolls of fear
 l - 9 scrolls of vulnerability
 m - 9 scrolls of poison
 n - 3 scrolls of blinking
 q - 16 scrolls of identify
 s - 4 scrolls of butterflies
 u - 8 scrolls of noise
 H - 4 scrolls of silence
 M - 2 scrolls of revelation
 R - 8 scrolls of brand weapon
 W - 2 scrolls of enchant weapon
Potions
 r - 15 potions of curing
 t - 8 potions of enlightenment
 v - 7 potions of might
 x - 3 potions of resistance
 y - 2 potions of mutation
 A - 4 potions of attraction
 C - 5 potions of brilliance
 F - 6 potions of lignification
 G - 2 potions of berserk rage
 J - 3 potions of invisibility
 L - 5 potions of haste
 O - 3 potions of magic
 X - 4 potions of cancellation
Miscellaneous
 o - a phantom mirror
 N - a Gell's gravitambourine (2/2)
 U - a lightning rod (4/4)


   Skills:
 - Level 20.5 Fighting
 - Level 9.9(20.7) Axes
 + Level 25.9(26.4) Polearms
 - Level 19.3 Armour
 - Level 17.0 Dodging
 - Level 15.0 Evocations


You had 25 spell levels left.
You didn't know any spells.
Your spell library was empty.

Dungeon Overview and Level Annotations

Branches:
Dungeon (15/15)            Temple (0/1) D:5            Lair (5/5) D:9
 Shoals (4/4) Lair:3        Snake (4/4) Lair:2        Slime (0/5) Lair:5
    Orc (2/2) D:11            Elf (0/3) Orc:2        Vaults (5/5) D:13
  Crypt (0/3) Vaults:3     Depths (4/4) D:15            Zot (5/5) Depths:4
  Sewer (visited)

Altars:
Ashenzari
Dithmenos
Gozag
Kikubaaqudgha
Makhleb
Okawaru
Ru
Sif Muna
Vehumet
Xom
Zin
The Shining One
Beogh

Shops:
D:5 !   D:7 =   D:9 =   D:12 (   Orc:1 ?   Orc:2 =!:[   Shoals:3 [   Snake:1 :
Snake:2 !?   Snake:3 (   Vaults:3 *(   Vaults:4 [   Vaults:5 (

Portals:
Hell: Depths:1 Depths:2 Depths:3 Depths:4
Abyss: Depths:3 Depths:4
Pandemonium: Depths:2 Depths:3
Ziggurat: Depths:3

Annotations:
D:8 1 runed translucent door, jkt's ghost, novice SpEn
D:11 1 runed translucent door, hattop's ghost, journeyman VSAl
Snake:2 5 transporters
Depths:3 exclusion: 2 dread liches
Zot:3 1 transporter, exclusion: 2 upstairs
Zot:4 4 transporters


Innate Abilities, Weirdness & Mutations

You can wield a second weapon in your off-hand.
It takes a long time for you to wield or remove held weapons.
Your first few attacks do less damage.
You cannot equip rings or amulets.
You are frail. (-10% HP)
Your magical capacity is low. (-10% MP)


Message History

* * * LOW HITPOINT WARNING * * *
The green draconian monk kicks you but does no damage.
The green draconian monk tail-slaps you but does no damage.
The green draconian monk closely misses you.
The shadow dragon bites you but does no damage.
The shadow dragon claws you but does no damage.
The shadow dragon closely misses you.
The black draconian is engulfed in poison gas.
The black draconian is poisoned.
The black draconian hits you with a +0 battleaxe!
* * * LOW HITPOINT WARNING * * *
The black draconian hits your sun demon but does no damage.
The black draconian hits you but does no damage.
You feel better.
Visions of slaying the shadow dragon flood into your mind.
Your sun demon misses the green draconian monk.
The shadow dragon bites you!
* * * LOW HITPOINT WARNING * * *
You feel drained.
The shadow dragon claws you but does no damage. x2
The black draconian is engulfed in poison gas.
The black draconian looks even sicker.
The black draconian barely misses you.
The black draconian hits your sun demon with a +0 battleaxe.
The green draconian monk hits your sun demon!
The green draconian monk closely misses your sun demon.
The green draconian monk barely misses your sun demon.
The green draconian monk tail-slaps your sun demon.
Your sun demon hits the black draconian!
The black draconian is engulfed in flames!
The black draconian is engulfed in poison gas.
The black draconian looks even sicker.
The black draconian hits you with a +0 battleaxe.
* * * LOW HITPOINT WARNING * * *
The black draconian hits your sun demon with a +0 battleaxe.
The shadow dragon bites you but does no damage.
The shadow dragon claws you but does no damage.
The shadow dragon completely misses you.
The yellow draconian spits acid at you. The splash of acid hits you!
You die...

,,,**,,##....**#....##..#*,,*
,,,**,,#.....###X..°.°..#*,,**
,,****.#..≈...#).)≈..#.#***,,*
,,*,,*....≈≈≈.≈§§§≈)...#.,*,,**
,,*,,'.#..≈≈≈≈§≈§§§..#.'..*,,,*
,,*,,*....≈≈≈)≈)§§§§..?#,.*,,,**
,,****.#..≈.))#.d§§§.#.##**,,,,**
,,,**,,#.....###dD..§...#*,,,,,,*
,,,**,,##....**#@d..##..##,,,****
**,,,,,,##...,#q3°.##,....,,,*
****,,,,,##...d...##,,,##.,,** **
***,,,,###.#.###,,,,**,,** ,**
**,,,,.....,,,,,,+***,* ,,**
*,,,..##'#*,,,***,,*,*
,,,*****,.##*..,***,***,,,,*
,*,,,**,,,**#..,***,,,**,*,*
****,,*,,,,,*****,,,,,,,,,,*


You could see a shadow dragon (mesmerising), a green draconian monk (unable to
see you, catching breath, drained), 2 draconians, 2 draconians and a friendly
sun demon (summoned).

Vanquished Creatures
  2 dread liches (Zot:5)
  7 ancient liches
  4 orbs of fire
  Frederick (Vaults:5)
  Xtahua (Vaults:3)
  Boris (Vaults:5)
  Vashnia (Snake:2)
  3 Killer Klowns (Zot:5)
  Saint Roka (Vaults:3)
  Vv (Zot:4)
  A curse toe (Zot:3)
  A caustic shrike (Depths:4)
  9 golden dragons
  4 electric golems
  12 tentacled monstrosities
  23 Orb Guardians (Zot:5)
  8 liches
  2 quicksilver dragons
  7 sphinxes
  6 titans
  A kraken (Shoals:1)
  2 deep elf blademasters
  5 death cobs
  Gastronok (Lair:2)
  Frances (Shoals:2)
  9 storm dragons
  8 tengu reavers
  5 nagarajas (Snake:4)
  11 shadow dragons
  Roxanne (Shoals:2)
  Donald (Vaults:3)
  Ilsuiw (Shoals:2)
  7 protean progenitors
  Aizul (Snake:4)
  3 draconian shifters (Zot:3)
  An iron dragon (Depths:4)
  6 fire giants
  2 draconian monks (Zot:3)
  12 vault wardens
  6 frost giants
  2 draconian scorchers
  8 draconian knights
  5 draconian stormcallers
  A juggernaut zombie (Depths:4)
  4 deep elf sorcerers
  A spriggan defender (Depths:4)
  5 orc warlords
  4 draconian annihilators
  8 ironbound thunderhulks
  21 ironbound preservers
  2 formless jellyfish
  28 very ugly things
  A deep elf death mage (Vaults:5)
  20 stone giants
  7 green draconians
  3 deep elf demonologists
  2 vampire knights (Depths:4)
  10 white draconians
  8 black draconians
  6 war gargoyles
  5 yellow draconians
  2 minotaurs (Shoals:4)
  4 purple draconians
  2 deep elf annihilators
  7 spark wasps
  16 red draconians
  4 merfolk impalers
  2 green deaths (Depths:2)
  8 ettins
  2 merfolk javelineers
  Snorg (Lair:4)
  5 crystal guardians
  Josephine (D:12)
  4 fire dragons
  A jiangshi (Depths:4)
  7 yaktaur captains
  5 rakshasas
  4 deep elf high priests
  An entropy weaver (Vaults:5)
  10 ice dragons
  8 great orbs of eyes
  38 vault guards
  A spriggan air mage (Depths:3)
  2 salamander tyrants (Snake:4)
  8 anacondas
  An alligator snapping turtle (Shoals:3)
  4 boulder beetles
  A hydra (D:10)
  5 ironbound frosthearts
  A catoblepas (D:13)
  7 ogre magi
  5 peacekeepers
  16 two-headed ogres
  14 satyrs (Shoals:4)
  3 merfolk avatars
  A two-headed ogre (shapeshifter) (Vaults:5)
  6 deep troll shamans
  9 tengu warriors
  4 merfolk aquamancers
  7 centaur warriors
  2 death knights (Vaults:3)
  6 death yaks
  A titan zombie (Depths:1)
  An orc high priest (Vaults:3)
  8 deep troll earth magi
  4 shock serpents
  An occultist (Depths:4)
  A hell hog (Depths:2)
  19 hell knights
  A vampire mage (Depths:1)
  4 deep elf knights
  2 spriggan berserkers (Depths:4)
  18 naga sharpshooters
  2 soul eaters (Depths:2)
  Nergalle (Orc:2)
  5 sun demons
  7 naga warriors
  6 iron trolls
  A salamander mystic (Snake:4)
  A skyshark (Shoals:2)
  2 goliath frogs (Zot:5)
  A skeletal warrior (D:12)
  3 sixfirhies (D:15)
  3 orb spiders (Zot:5)
  A deep elf archer (Depths:2)
  19 sea snakes
  A swamp dragon (Lair:5)
  3 flayed ghosts (Depths:4)
  8 large abominations (Depths:3)
  A mana viper (shapeshifter) (Depths:4)
  10 mana vipers
  2 glowing orange brains (Depths:4)
  An anaconda (shapeshifter) (Depths:4)
  4 naga ritualists
  A shadow dragon zombie (Depths:1)
  40 deep trolls
  A glowing orange brain (shapeshifter) (Depths:4)
  6 ironbound convokers
  7 lindwurms
  40 harpies
  4 arcanists
  2 obsidian statues (D:15)
  4 deep elf pyromancers
  11 orc knights
  An obsidian bat (Orc:2)
  4 phantasmal warriors
  3 necromancers
  A wolf spider zombie (D:12)
  A wolf spider (D:15)
  6 orc sorcerers
  31 ugly things
  2 steelbarb worms (shapeshifter) (Vaults:5)
  20 fauns
  11 cyclopes
  22 manticores
  20 vault sentinels
  A glowing shapeshifter (Vaults:5)
  12 moths of wrath
  11 salamanders
  4 guardian serpents
  A meliai (shapeshifter) (D:7)
  Maurice (D:8)
  8 centaur zombies (D:12)
  5 water nymphs
  24 slime creatures
  29 black mambas
  3 kobold blastminers (Orc:2)
  3 rust devils (D:15)
  15 merfolk sirens
  2 smoke demons (Depths:2)
  21 naga magi
  4 orange demons (D:15)
  23 cane toads
  5 torpor snails
  Maggie (D:6)
  2 gargoyles
  5 centaur skeletons (D:12)
  7 rime drakes
  6 unseen horrors
  A hellion (Depths:2)
  A kobold demonologist (D:10)
  2 efreet
  12 komodo dragons
  7 yaktaurs
  2 freezing wraiths
  7 tengu conjurers
  A hellwing (D:15)
  25 merfolk
  A red devil (D:15)
  A polar bear (Lair:5)
  4 trolls
  7 tyrant leeches
  4 wind drakes
  9 hornets
  14 blink frogs
  A tengu simulacrum (Depths:1)
  2 glass eyes
  A glass eye (shapeshifter) (Vaults:5)
  6 snapping turtles
  A meliai zombie (D:12)
  3 dream sheep
  A spriggan skeleton (Depths:1)
  6 shadows
  8 wraiths
  4 wyverns
  A vampire (D:10)
  3 ynoxinuls
  2 humans (D:13)
  4 water elementals
  52 yaks
  5 basilisks
  16 fire elementals (Zot:1)
  A neqoxec (D:15)
  A warg (Orc:1)
  3 steam dragons
  8 vampire mosquitoes
  2 chaos spawn (Depths:3)
  35 nagas
  3 swamp worms (Lair:2)
  4 acid dragons
  15 water moccasins
  13 orc warriors
  3 black bears
  A sky beast (D:7)
  2 laughing skulls (D:12)
  15 ogres
  22 wolves
  4 boggarts (Vaults:3)
  6 centaurs
  2 phantoms (D:6)
  2 kobold brigands
  2 gnoll sergeants
  10 bullfrogs
  2 scorpions
  3 small abominations (Depths:3)
  10 wights
  22 killer bees
  2 electric eels (Snake:3)
  5 howler monkeys
  A hound (D:6)
  5 jellies
  17 orc priests
  A gnoll bouda (D:7)
  Crazy Yiuf (D:4)
  3 sleepcaps
  Ijyb (D:4)
  Terence (D:3)
  11 hell rats
  5 iguanas
  33 orc wizards
  7 gnolls
  5 adders
  6 white imps
  An ufetubus (D:6)
  2 ribbon worms
  5 dart slugs
  66 orcs
  4 bats
  20 endoplasms
  7 giant cockroaches
  5 goblins
  4 hobgoblins
  3 jackals (D:1)
  7 quokkas
  4 ball pythons
  3 frilled lizards
  11 kobolds
  10 rats
  4 aspiring fleshes
  6 tentacles (Shoals:1)
1809 creatures vanquished.

Vanquished Creatures (collateral kills)
  2 Orb Guardians (Zot:5)
  A lich (Depths:4)
  A shadow dragon (Zot:3)
  A draconian knight (Zot:3)
  An iron dragon (Depths:4)
  2 draconian stormcallers
  A draconian annihilator (Zot:1)
  A stone giant (Depths:2)
  A purple draconian (Zot:3)
  A spark wasp (Depths:2)
  A fire dragon (Depths:4)
  A rakshasa (Depths:1)
  An ice dragon (Depths:2)
  Erolcha (Orc:2)
  A deep troll earth mage (Depths:1)
  A spriggan berserker (Depths:4)
  A hell knight (Depths:4)
  An orb spider (Zot:5)
  A glowing orange brain (Depths:4)
  A deep troll (Depths:1)
  5 ugly things
  An orc sorcerer (Orc:2)
  A smoke demon (Depths:2)
  A tengu conjurer (Depths:4)
  A tengu simulacrum (Depths:1)
  A wind drake (Shoals:4)
  A dream sheep (Shoals:4)
  A snapping turtle (Shoals:4)
  3 slime creatures (Depths:4)
  A fire elemental (Zot:1)
  A naga (Snake:2)
  An ogre (Orc:2)
  2 orc wizards (Orc:2)
  2 aspiring fleshes (Zot:1)
44 creatures vanquished.

Vanquished Creatures (others)
  An orc knight (Depths:2)
  A naga (Snake:4)
  2 orc wizards
  8 tentacles
12 creatures vanquished.

Grand Total: 1865 creatures vanquished

Notes
Turn   | Place    | Note
-------+----------+-------------------------------------------
     0 | D:1      | RBrandon the Coglin Berserker began the quest for the Orb.
     0 | D:1      | Reached XP level 1. HP: 18/18 MP: 1/1
   212 | D:1      | Reached XP level 2. HP: 24/24 MP: 2/2
   499 | D:1      | Reached XP level 3. HP: 23/29 MP: 3/3
   556 | D:1      | Found a faded altar of an unknown god.
   736 | D:1      | Reached ** piety under Trog
  1062 | D:2      | Reached XP level 4. HP: 37/37 MP: 4/4
  1928 | D:3      | Found a glowing drain.
  1941 | Sewer    | Entered a sewer
  2009 | Sewer    | Reached XP level 5. HP: 42/42 MP: 5/5
  2069 | Sewer    | Reached skill level 5 in Axes
  2199 | Sewer    | Found a viscous altar of Jiyva.
  2206 | Sewer    | HP: 1/43 [acid (9)]
  2208 | Sewer    | Reached XP level 6. HP: 1/49 MP: 6/6
  2494 | D:3      | Noticed Terence
  2502 | D:3      | Killed Terence
  2666 | D:4      | Found an opulent altar of Gozag.
  2724 | D:4      | Noticed a water moccasin
  2733 | D:4      | Killed a water moccasin
  2733 | D:4      | Reached *** piety under Trog
  2816 | D:4      | Reached skill level 5 in Fighting
  2831 | D:4      | Reached XP level 7. HP: 39/56 MP: 7/7
  3026 | D:4      | Found a runed translucent door.
  3027 | D:4      | Noticed Crazy Yiuf
  3105 | D:4      | Killed Crazy Yiuf
  3259 | D:4      | Noticed Ijyb
  3272 | D:4      | Killed Ijyb
  3951 | D:4      | Found a sacrificial altar of Ru.
  4125 | D:5      | Entered Level 5 of the Dungeon
  4152 | D:5      | Noticed a two-headed ogre
  4158 | D:5      | Killed a two-headed ogre
  4159 | D:5      | Reached XP level 8. HP: 65/65 MP: 8/8
  4422 | D:5      | Found Woehock's Distillery.
  4529 | D:5      | Found a staircase to the Ecumenical Temple.
  4825 | D:6      | Reached XP level 9. HP: 72/72 MP: 9/9
  4871 | D:6      | Noticed Maggie
  4888 | D:6      | Killed Maggie
  4889 | D:6      | Reached skill level 2 in Polearms
  4928 | D:6      | Reached skill level 3 in Polearms
  4986 | D:6      | Reached skill level 4 in Polearms
  5126 | D:6      | Reached skill level 5 in Polearms
  5160 | D:6      | Reached **** piety under Trog
  5367 | D:7      | Reached skill level 6 in Polearms
  5370 | D:7      | Noticed a komodo dragon
  5385 | D:7      | Killed a komodo dragon
  5386 | D:7      | Reached XP level 10. HP: 79/79 MP: 10/10
  5390 | D:7      | Reached skill level 7 in Polearms
  5494 | D:7      | Noticed a meliai
  5502 | D:7      | Killed a meliai
  5503 | D:7      | Reached skill level 8 in Polearms
  5635 | D:7      | Killed an unseen horror
  5691 | D:7      | Found Emow's Jewellery Shoppe.
  5724 | D:7      | Reached skill level 9 in Polearms
  6478 | D:8      | Reached skill level 10 in Polearms
  6483 | D:8      | Found a runed translucent door.
  6489 | D:8      | Noticed jkt's ghost (novice SpEn)
  6564 | D:8      | Reached ***** piety under Trog
  6592 | D:8      | Noticed Maurice
  6609 | D:8      | Maurice stole 438 gold
  6612 | D:8      | Killed Maurice
  6613 | D:8      | Reached XP level 11. HP: 81/84 MP: 9/11
  6987 | D:9      | Found Masy's Jewellery Boutique.
  6992 | D:9      | Noticed a two-headed ogre
  7006 | D:9      | Killed a two-headed ogre
  7007 | D:9      | Reached skill level 5 in Armour
  7202 | D:9      | Found a staircase to the Lair.
  7226 | Lair:1   | Entered Level 1 of the Lair of Beasts
  7772 | Lair:1   | Reached skill level 1 in Evocations
  8277 | Lair:1   | Noticed a boulder beetle
  8293 | Lair:1   | Killed a boulder beetle
  8563 | Lair:2   | Reached XP level 12. HP: 94/94 MP: 12/12
  8570 | Lair:2   | Reached skill level 5 in Evocations
  9081 | Lair:2   | Noticed Gastronok
  9113 | Lair:2   | Killed Gastronok
  9373 | Lair:2   | Found a staircase to the Snake Pit.
  9801 | Lair:2   | Noticed an ice dragon
  9808 | Lair:2   | Killed an ice dragon
  9809 | Lair:2   | Reached skill level 10 in Fighting
 10014 | Lair:3   | Reached XP level 13. HP: 103/103 MP: 13/13
 10021 | Lair:3   | Received a gift from Trog
 10033 | Lair:3   | Reached skill level 11 in Polearms
 10850 | Lair:3   | Found a staircase to the Shoals.
 10865 | Lair:3   | Reached skill level 10 in Armour
 11180 | Lair:4   | Noticed Snorg
 11193 | Lair:4   | Killed Snorg
 11194 | Lair:4   | Reached skill level 10 in Evocations
 11838 | Lair:5   | Entered Level 5 of the Lair of Beasts
 12241 | Lair:5   | Reached XP level 14. HP: 107/113 MP: 14/14
 12312 | Lair:5   | Identified the +7 short sword "Ineutun" {speed, *Corrode
                  | rPois Int-3 Dex+6}
 12432 | Lair:5   | Received a gift from Trog
 12433 | Lair:5   | Reached skill level 12 in Polearms
 12789 | Lair:5   | Found a staircase to the Slime Pits.
 13841 | Lair:5   | Identified the +11 halberd of Ucwifil {holy, rF- rN++ SInv
                  | Stlth+}
 14009 | D:9      | Found a glowing silver altar of Zin.
 14009 | D:9      | Noticed an angel
 14022 | D:9      | Found a shimmering altar of Xom.
 14287 | D:10     | Entered Level 10 of the Dungeon
 14444 | D:10     | Found a shadowy altar of Dithmenos.
 14446 | D:10     | Found a shimmering blue altar of Sif Muna.
 14448 | D:10     | Found a burning altar of Makhleb.
 14449 | D:10     | Found a broken altar of Ashenzari.
 14909 | D:11     | Found a runed translucent door.
 14909 | D:11     | Found a shimmering altar of Xom.
 14909 | D:11     | Noticed hattop's ghost (journeyman VSAl)
 15502 | D:11     | Found a staircase to the Orcish Mines.
 15590 | D:12     | Received a gift from Trog
 15621 | D:12     | Noticed Josephine
 16022 | D:12     | Reached XP level 15. HP: 123/123 MP: 15/15
 16089 | D:12     | Found Doxzudos's Weapon Emporium.
 16131 | D:12     | Killed Josephine
 17880 | D:13     | Found a gate to the Vaults.
 17924 | D:13     | Reached skill level 5 in Dodging
 18116 | Orc:1    | Entered Level 1 of the Orcish Mines
 18118 | Orc:1    | Paralysed by an orc sorcerer for 4 turns
 18174 | Orc:1    | Found Leaqiv's Magic Scroll Emporium.
 18178 | Orc:1    | Found a radiant altar of Vehumet.
 18189 | Orc:1    | Bought a scroll of enchant armour for 82 gold pieces
 18189 | Orc:1    | Bought a scroll of enchant weapon for 82 gold pieces
 18312 | Orc:2    | Entered Level 2 of the Orcish Mines
 18334 | Orc:2    | Received a gift from Trog
 18475 | Orc:2    | Found a staircase to the Elven Halls.
 18533 | Orc:2    | Reached ****** piety under Trog
 18654 | Orc:2    | Found Pakhlonu's Jewellery Boutique.
 18675 | Orc:2    | Found an ancient bone altar of Kikubaaqudgha.
 18675 | Orc:2    | Noticed Nergalle
 18699 | Orc:2    | Killed Nergalle
 18701 | Orc:2    | Found Ennoeluc's Book Shop.
 18701 | Orc:2    | Noticed Erolcha
 18712 | Orc:2    | Killed Erolcha
 18732 | Orc:2    | Found a roughly hewn altar of Beogh.
 18732 | Orc:2    | Found Filyukh's Antique Armour Shop.
 18765 | Orc:2    | Bought a runed helmet for 180 gold pieces
 18858 | Orc:2    | Found a radiant altar of Vehumet.
 18890 | Orc:2    | Found Doustio's Distillery.
 18898 | Orc:2    | Bought a potion of heal wounds for 70 gold pieces
 18898 | Orc:2    | Bought a potion of heal wounds for 70 gold pieces
 18956 | Orc:2    | Found a roughly hewn altar of Beogh.
 19359 | Shoals:1 | Entered Level 1 of the Shoals
 19597 | Shoals:1 | Noticed a kraken
 19623 | Shoals:1 | Killed a kraken
 19624 | Shoals:1 | Reached XP level 16. HP: 100/132 MP: 16/16
 20035 | Shoals:1 | Received a gift from Trog
 20037 | Shoals:1 | Acquired an actuated encabulator {Will+ Slay+3 Clar RMsl}
 20607 | Shoals:2 | Noticed Ilsuiw
 20607 | Shoals:2 | Noticed Roxanne
 20614 | Shoals:2 | Killed Roxanne
 20626 | Shoals:2 | Killed Ilsuiw
 21063 | Shoals:2 | Noticed Frances
 21074 | Shoals:2 | Killed Frances
 21151 | Shoals:2 | Received a gift from Trog
 22078 | Shoals:3 | Found Feotyrocw's Antique Armour Boutique.
 22087 | Shoals:3 | Bought the +3 pair of seven-league boots {Rampage+∞} for
                  | 1160 gold pieces
 22087 | Shoals:3 | Found the +3 pair of seven-league boots {Rampage+∞}
 22154 | Shoals:3 | Reached skill level 15 in Fighting
 22154 | Shoals:3 | Reached skill level 10 in Dodging
 22259 | Shoals:3 | Reached XP level 17. HP: 129/142 MP: 17/17
 22465 | Shoals:3 | Received a gift from Trog
 22634 | Shoals:4 | Entered Level 4 of the Shoals
 22738 | Shoals:4 | Noticed a sphinx
 22747 | Shoals:4 | Killed a sphinx
 22777 | Shoals:4 | Paralysed by a formless jellyfish for 1 turns
 22817 | Shoals:4 | Got a barnacled rune of Zot
 22864 | Shoals:4 | Received a gift from Trog
 23082 | Shoals:4 | Reached skill level 15 in Armour
 23253 | Shoals:4 | Noticed a kraken
 23460 | Snake:1  | Entered Level 1 of the Snake Pit
 23930 | Snake:1  | Found Niary's Book Boutique.
 23976 | Snake:1  | You fall into a shaft and drop 1 floor!
 23976 | Snake:2  | Found Atiyfiz's Distillery.
 23977 | Snake:2  | Found Jerrus Homu's Magic Scroll Shop.
 23977 | Snake:2  | Noticed Vashnia
 23988 | Snake:2  | Killed Vashnia
 23989 | Snake:2  | Reached XP level 18. HP: 153/153 MP: 18/18
 23996 | Snake:2  | Received a gift from Trog
 24080 | Snake:2  | Bought 2 potions of haste for 360 gold pieces
 24080 | Snake:2  | Bought a potion of resistance for 180 gold pieces
 24306 | Snake:2  | Found a transporter.
 24307 | Snake:2  | Found a transporter.
 24323 | Snake:2  | Found a glowing golden altar of the Shining One.
 24525 | Snake:2  | Found a transporter.
 24558 | Snake:2  | Found a transporter.
 24616 | Snake:2  | Found a transporter.
 24788 | Snake:3  | Found Pah Ello's Weapon Boutique.
 25466 | Snake:3  | Received a gift from Trog
 26063 | Snake:4  | Entered Level 4 of the Snake Pit
 26523 | Snake:4  | Identified the serpent talisman of Byximah {rF++ Int+6}
 26523 | Snake:4  | Noticed Aizul
 26530 | Snake:4  | Killed Aizul
 26905 | Snake:4  | Received a gift from Trog
 27102 | Snake:4  | Reached XP level 19. HP: 78/162 MP: 14/19
 27457 | Snake:4  | Got a serpentine rune of Zot
 27987 | Vaults:1 | Entered Level 1 of the Vaults
 28047 | Vaults:1 | You fall into a shaft and drop 1 floor!
 28057 | Vaults:2 | Received a gift from Trog
 28915 | Vaults:2 | Received a gift from Trog
 29678 | Vaults:3 | Noticed Xtahua
 29691 | Vaults:3 | Killed Xtahua
 29919 | Vaults:3 | Found a staircase to the Crypt.
 30233 | Vaults:3 | Found Viclivet's Weapon Shoppe.
 30261 | Vaults:3 | Reached XP level 20. HP: 133/172 MP: 20/20
 30474 | Vaults:3 | Noticed Saint Roka
 30483 | Vaults:3 | Killed Saint Roka
 30797 | Vaults:3 | Found Zegigh's Assorted Antiques.
 30838 | Vaults:3 | Received a gift from Trog
 31005 | Vaults:3 | Noticed Donald
 31012 | Vaults:3 | Killed Donald
 31019 | Vaults:3 | Reached skill level 13 in Polearms
 32197 | Vaults:4 | Reached skill level 14 in Polearms
 33048 | Vaults:4 | Found Moynidad's Armour Emporium.
 33136 | Vaults:4 | Identified the +12 broad axe of the Depths {flame, Str+6}
                  | (Trog gifted it to you on level 4 of the Vaults)
 33136 | Vaults:4 | Received a gift from Trog
 33137 | Vaults:4 | Reached skill level 15 in Polearms
 33273 | Vaults:5 | Entered Level 5 of the Vaults
 33420 | Vaults:5 | Identified the ring "Tuwk" {^Contam Will+ MP+9 Dex+5}
 33460 | Vaults:5 | Reached XP level 21. HP: 98/180 MP: 21/21
 33661 | Vaults:5 | Reached skill level 16 in Polearms
 34257 | Vaults:5 | Identified the orb of Going Fast {*channel, Str+4 Dex-2
                  | Air}
 34257 | Vaults:5 | Noticed Frederick
 34268 | Vaults:5 | Killed Frederick
 34269 | Vaults:5 | Reached skill level 17 in Polearms
 34451 | Vaults:5 | Identified the +8 trident of Itreklet {heavy, Str+5} (Trog
                  | gifted it to you on level 5 of the Vaults)
 34451 | Vaults:5 | Received a gift from Trog
 34629 | Vaults:5 | Reached skill level 15 in Dodging
 34751 | Vaults:5 | Noticed an ancient lich
 34768 | Vaults:5 | Killed an ancient lich
 34845 | Vaults:5 | Identified the +9 war axe of Watchfulness {vamp, Will+}
 35118 | Vaults:5 | Identified the +4 robe "Rera Mimp" {Str-4 Int+5}
 35118 | Vaults:5 | Noticed Boris
 35143 | Vaults:5 | Killed Boris
 35336 | Vaults:5 | Noticed a golden dragon
 35345 | Vaults:5 | Killed a golden dragon
 35357 | Vaults:5 | Received a gift from Trog
 35358 | Vaults:5 | Identified the +4 dagger "Neim Rat" {venom, Int+3}
 35365 | Vaults:5 | Reached skill level 15 in Evocations
 35367 | Vaults:5 | Identified the +6 falchion "Qavuycs" {venom, Will+}
 35380 | Vaults:5 | Reached XP level 22. HP: 187/187 MP: 22/22
 35447 | Vaults:5 | Found Nixuowee's Weapon Boutique.
 35800 | Vaults:5 | Got a silver rune of Zot
 36038 | Vaults:5 | Reached skill level 18 in Polearms
 36703 | D:14     | Found a broken altar of Ashenzari.
 37667 | D:15     | Entered Level 15 of the Dungeon
 38215 | D:15     | Found a staircase to the Depths.
 38251 | D:15     | Found a burning altar of Makhleb.
 38256 | D:15     | Found a burning altar of Makhleb.
 38256 | D:15     | Found the +16 obsidian axe {drain, demonic, Mesm ^Drain Fly
                  | SInv}
 38856 | Depths:1 | Entered Level 1 of the Depths
 39027 | Depths:1 | Received a gift from Trog
 39175 | Depths:1 | Found a gateway to Hell.
 40214 | Depths:1 | Found a shimmering blue altar of Sif Muna.
 40709 | Depths:2 | Reached XP level 23. HP: 196/196 MP: 14/23
 40712 | Depths:2 | Received a gift from Trog
 40713 | Depths:2 | Reached skill level 19 in Polearms
 41341 | Depths:2 | Identified the +1 scale mail of Hepliaklqana's Esteem
                  | {Rampage rPois Str-4 Slay+5}
 41379 | Depths:2 | Found an iron altar of Okawaru.
 41509 | Depths:2 | Identified the +0 pair of gloves of the Shoals {Will+}
 41510 | Depths:2 | Identified the +0 plate armour "Jennoh" {Harm Fly rC+}
 42080 | Depths:2 | Found a one-way gate leading to the halls of Pandemonium.
 42657 | Depths:3 | Found a one-way gate to the infinite horrors of the Abyss.
 42989 | Depths:3 | Noticed a dread lich
 43001 | Depths:3 | Found a one-way gateway to a ziggurat.
 43001 | Depths:3 | Noticed a dread lich
 43001 | Depths:3 | Noticed a dread lich
 43223 | Depths:3 | Received a gift from Trog
 43424 | Depths:4 | Entered Level 4 of the Depths
 43583 | Depths:4 | Noticed a caustic shrike
 43591 | Depths:4 | Killed a caustic shrike
 43937 | Depths:4 | Received a gift from Trog
 43989 | Depths:4 | Reached skill level 20 in Polearms
 44270 | Depths:4 | Identified the +5 war axe of Ashenzari, Mashing {flame, rN+
                  | MP+9 Dex-2}
 44434 | Depths:4 | Found a gate to the Realm of Zot.
 44527 | Depths:4 | Reached XP level 24. HP: 205/205 MP: 13/23
 44527 | Depths:4 | Identified the ring of the Dropbear {Wiz Dex+3}
 44633 | Depths:4 | Found the +8 longbow "Zephyr" {speed, Dex+3 SInv}
 44999 | Depths:4 | Received a gift from Trog
 45480 | Zot:1    | Entered Level 1 of the Realm of Zot
 45669 | Zot:1    | Identified the +0 robe "Beyte" {rN+ Stlth+ Archmagi}
 46246 | Zot:1    | Reached skill level 21 in Polearms
 46252 | Zot:1    | Noticed an orb of fire
 46265 | Zot:1    | Killed an orb of fire
 47049 | Zot:3    | Received a gift from Trog
 47381 | Zot:3    | Reached skill level 22 in Polearms
 47608 | Zot:3    | Noticed a curse toe
 47626 | Zot:3    | Killed a curse toe
 48032 | Zot:3    | Identified the +1 cloak of Sicobb {rC+ Will- Str+3}
 48077 | Zot:3    | Found a radiant altar of Vehumet.
 48081 | Zot:3    | Found a transporter.
 48409 | Zot:3    | Noticed a dread lich
 48642 | Zot:4    | Reached XP level 25. HP: 201/212 MP: 10/23
 49022 | Zot:4    | Noticed Vv
 49031 | Zot:4    | Killed Vv
 49162 | Zot:4    | Reached skill level 23 in Polearms
 49307 | Zot:4    | Received a gift from Trog
 49594 | Zot:4    | Found a transporter.
 49595 | Zot:4    | Found a transporter.
 49597 | Zot:4    | Found a transporter.
 49597 | Zot:4    | Found a transporter.
 50210 | Zot:5    | Entered Level 5 of the Realm of Zot
 51086 | Zot:5    | Noticed a Killer Klown
 51092 | Zot:5    | Noticed a dread lich
 51093 | Zot:5    | Noticed an ancient lich
 51103 | Zot:5    | Noticed an orb of fire
 51105 | Zot:5    | Killed a Killer Klown
 51106 | Zot:5    | Reached skill level 24 in Polearms
 51106 | Zot:5    | Noticed a Killer Klown
 51107 | Zot:5    | Killed an ancient lich
 51108 | Zot:5    | Noticed a Killer Klown
 51111 | Zot:5    | Noticed an orb of fire
 51111 | Zot:5    | Gained mutation: Your magical capacity is low. (-10% MP)
                  | [an orb of fire]
 51114 | Zot:5    | Noticed an orb of fire
 51114 | Zot:5    | Noticed an ancient lich
 51114 | Zot:5    | Noticed an ancient lich
 51118 | Zot:5    | Killed a Killer Klown
 51119 | Zot:5    | Killed an orb of fire
 51119 | Zot:5    | Noticed a dread lich
 51120 | Zot:5    | Gained mutation: You are frail. (-10% HP) [an orb of fire]
 51122 | Zot:5    | Noticed an ancient lich
 51125 | Zot:5    | Noticed an ancient lich
 51125 | Zot:5    | Noticed a Killer Klown
 51128 | Zot:5    | Noticed an ancient lich
 51132 | Zot:5    | Received a gift from Trog
 51134 | Zot:5    | Killed an orb of fire
 51136 | Zot:5    | Killed an orb of fire
 51137 | Zot:5    | Killed a dread lich
 51139 | Zot:5    | Killed an ancient lich
 51141 | Zot:5    | Killed a dread lich
 51196 | Zot:5    | Reached skill level 25 in Polearms
 51404 | Zot:5    | Killed a Killer Klown
 51405 | Zot:5    | Noticed an ancient lich
 51414 | Zot:5    | Killed an ancient lich
 51415 | Zot:5    | Reached XP level 26. HP: 156/197 MP: 0/20
 51570 | Zot:5    | Killed an ancient lich
 51580 | Zot:5    | Killed an ancient lich
 51846 | Zot:5    | Killed an ancient lich
 52239 | Zot:2    | HP: 3/197 [black draconian/+0 battleaxe[a green draconian
                  | monk] (11)]
 52240 | Zot:2    | HP: 1/193 [black draconian/+0 battleaxe[a green draconian
                  | monk] (2)]
 52240 | Zot:2    | Killed from afar by a yellow draconian

Illustrated notes

Levels and vault maps discovered:
D:1:      tarquinn_simple_flora_water_d, layout_loops_ring,
          basic_ecumenical_altar
D:2:      layout_loops_ring
D:3:      layout_loops_cross, gup_sewer_entry_pipe, uniq_terence
D:4:      layout_layer_cave, nicolae_ru_path_of_blood, grunt_gozag_statues,
          uniq_ijyb, uniq_crazy_yiuf_cottage
D:5:      layout_rooms, minmay_temple_entry_statues_pillars, serial_shops, shop
D:6:      layout_rooms, minmay_increasing_density, uniq_maggie
D:7:      layout_basic, serial_shops, nicolae_shop_behind_doors,
          minmay_the_grid_2x2 [minmay_the_grid_x, minmay_the_grid_garden,
          minmay_the_grid_eight, minmay_the_grid_prize_inner_circle]
D:8:      layout_basic, hellmonk_ghost_happy_afterlife, uniq_maurice
D:9:      layout_loops_ring, grunt_temple_overflow_order_and_chaos_1,
          david_lair_shrubbed, serial_shops, nicolae_shop_advertising_works
          [nicolae_subvault_shop_adworks]
D:10:     minmay_chambers_of_sevens, layout_rooms, minitemple
D:11:     layout_gridville, hiddenorc1_lemuel, ebering_ghost_xom
D:12:     hangedman_screamer, layout_basic, serial_shops, nicolae_diamond_shop
D:13:     layout_roguey, grunt_vaults_entry_fortified, uniq_josephine
D:14:     layout_loops_corners, minmay_misc_feat_roman,
          kennysheep_cluttered_room, cheibrodos_ashenzari_chains
D:15:     hellmonk_depths_entry_around_the_bend, layout_basic, nicolae_wwwww,
          serial_co_window_serial, co_window_paths_a,
          co_window_of_opportunity_a, co_window_corner_a,
          co_window_of_opportunity_a, co_window_of_opportunity_a,
          co_window_corner_cb, co_window_corner_b, co_window_broadway_c,
          co_window_corner_b, glass_columns_c, glass_columns_a, glass_columns_a,
          glass_columns_b, glass_columns_c, grunt_guarded_unrand_obsidian_axe
Lair:1:   layout_misc_corridors, hangedman_lair_generics_rect
Lair:2:   dragon1_lemuel, layout_gridlike, alex1729_snake_entry_snake,
          worms_lemuel, serial_bayou_shore_b, uniq_gastronok
Lair:3:   layout_regular_city, minmay_shoals_entry_hut, lemuel_fruit_fields,
          grunt_megastairs_1, serial_bayou_shore_b, lemuel_fruit_fields
Lair:4:   layout_roguey, minmay_stone_trees_small, st_stairs_3,
          lemuel_another_geyser, uniq_snorg
Lair:5:   wormcave, layout_long_grid, guppyfry_lair_end_dragon, slime_entry_1
Shoals:1: layout_shoals, nzn_prometheus_bound
Shoals:2: layout_shoals, nicolae_shoals_lost_giant_pillars, uniq_ilsuiw,
          uniq_roxanne, uniq_frances
Shoals:3: cheibrodos_shoals_three_sisters, layout_shoals, serial_shops, shop
Shoals:4: shoals_end_hellmonk_lost_city
Snake:1:  layout_chambers, serial_shops, shop, minmay_shop_grove,
          serial_bayou_shore_b, lemuel_fruit_tree
Snake:2:  gammafunk_the_bubble [the_bubble_gammafunk_roulette],
          layout_misc_corridors, basic_altar, minmay_shop_star, uniq_vashnia
Snake:3:  layout_basic, grunt_ministairs_2, nicolae_stop_n_shop_2,
          serial_bayou_shore_a
Snake:4:  minmay_snake_end_coiled, layout_misc_corridors, uniq_aizul
Orc:1:    layout_caves, basic_altar, serial_shops, shop
Orc:2:    kennysheep_orc_mage_school, layout_caves, nicolae_orc_stony_grotto,
          minmay_orc_temple_b
Vaults:1: advil_vaults_ghost_lines, nicolae_vaults_more_shelving_1,
          vaults_dpeg_cross, vaults_dpeg_encased_lava,
          ontoclasm_vaults_ring_large, ontoclasm_vaults_shout, v_rooms_4,
          ontoclasm_vaults_gateway, v_misc_33,
          nicolae_vaults_offset_grid_hallway_3, nicolae_vaults_tetromino_Z_2,
          vaults_room_pool, v_misc_27, layout_vaults_big_room, serial_shops,
          shop
Vaults:2: v_misc_31, v_misc_13, nicolae_vaults_security_offices_2,
          nicolae_vaults_three_branches, nicolae_vaults_meiosis, v_rooms_4,
          v_misc_22, v_pattern_4, nicolae_vaults_offset_grid_hallway_1,
          v_misc_29, nicolae_vaults_trapezoid_4,
          nicolae_vaults_trapezoid_lopsided_3, layout_vaults_big_cross
Vaults:3: nicolae_vaults_trapezoid_lopsided_4, nicolae_vaults_alarming,
          nicolae_vaults_trapezoid_1, nicolae_vaults_taking_the_gang_shopping,
          grunt_vaults_funnel, blue_anna_dwarven_crypt, v_misc_29,
          nicolae_vaults_diagonal_hallway_6, nicolae_vaults_specimen_jars,
          layout_vaults_omnigrid, serial_shops, nicolae_square_shop,
          uniq_donald, uniq_xtahua, uniq_saint_roka
Vaults:4: vaults_dpeg_diagonal, hangedman_vaults_cutoff, v_misc_1,
          vaults_mumra_minichess, v_misc_25, nicolae_vaults_oval_intersection,
          nicolae_vaults_variable_pillar_hall_cross, nicolae_vaults_asterisk,
          hangedman_vaults_nodes, v_misc_8, hangedman_vaults_cutoff,
          dpeg_vaults_monster_box, layout_vaults_ring, serial_shops, shop
Vaults:5: uniq_frederick, uniq_boris
Depths:1: layout_gridville, pf_coc_iceberg, grunt_ministairs_14,
          hangedman_decor_lopped, nicolae_sif_muna_little_library, firewood_loft
Depths:2: evilmike_iron_armoury, layout_twisted_cross, hellmouth_3,
          glass_columns_c, grunt_pan_entry_in_and_out,
          infiniplex_staircase_zigzag_5
Depths:3: kennysheep_bubbly, layout_cave_shapes, enter_ziggurat_c,
          grunt_pan_entry_sceptre, kennysheep_nub, minmay_room_of_horrors,
          hell_entry
Depths:4: hangedman_pleasuredromes, abyss_entry, hell_entry
Zot:1:    lemuel_firehouse, layout_concentric_octagons
Zot:2:    hangedman_zot_vaults_quadrants, layout_cathedral_of_symmetry,
          regret_index_zotdec_fiery_em, zot_minivault_1, lemuel_elevator
Zot:3:    gammafunk_sealed_library, layout_basic, hangedman_elemental_corridor
Zot:4:    layout_cathedral_of_symmetry, regret_index_zotdec_plus,
          nicolae_diode_quadrants, uniq_vv
Zot:5:    layout_cathedral_of_symmetry, st_stairs_4

Skill      XL: |  1  2  3  4  5  6  7  8  9 10 11 12 13 14 15 16 17 18 19 20 21 22 23 24 25 |
---------------+----------------------------------------------------------------------------+-----
Axes           | 4 5 6 8 9 |  9.9
Fighting       | 4 5 6 7 8 10 11 13 15 16 17 18 19 20 | 20.5
Polearms       | 6 10 11 12 15 17 18 20 22 25 | 25.9
Armour         | 2 7 9 10 12 14 15 16 17 18 19 | 19.3
Evocations     | 4 8 11 13 15 | 15.0
Dodging        | 8 10 11 13 14 15 16 17 | 17.0

Action                     |  1- 3 |  4- 6 |  7- 9 | 10-12 | 13-15 | 16-18 | 19-21 | 22-24 | 25-27 || total
---------------------------+-------+-------+-------+-------+-------+-------+-------+-------+-------++-------
  Melee: Hand axe          |    58 |   178 |   201 |       |       |       |       |       |       ||   437
         Dagger            |    31 |       |       |       |       |       |       |       |       ||    31
         Rapier            |    26 |    13 |       |       |       |       |       |       |       ||    39
         Lance             |       |       |    49 |   457 |   962 |   860 |   969 |   880 |   273 ||  4450
         Spear             |       |       |    32 |   383 |       |       |       |       |       ||   415
         Trident           |       |       |       |    58 |   908 |       |       |       |       ||   966
         Demon trident     |       |       |       |       |    25 |   895 |   666 |       |       ||  1586
         Broad axe         |       |       |       |       |       |       |   306 |   792 |   247 ||  1345
 Invoke: Berserk           |     1 |     2 |     9 |     9 |    15 |     9 |     7 |    14 |     2 ||    68
         Trog's Hand       |     1 |       |     1 |     1 |     7 |     7 |     4 |     3 |     2 ||    26
         Brothers in Arms  |       |       |       |       |     1 |     4 |       |       |       ||     5
Ability: Invent Gizmo      |       |       |       |       |       |     1 |       |       |       ||     1
  Evoke: Wand              |       |       |       |       |     3 |     2 |     1 |       |    11 ||    17
         Gell's gravitambo |       |       |       |       |     2 |       |     2 |     1 |       ||     5
    Use: Scroll            |       |       |       |    12 |    20 |     6 |     4 |     7 |     5 ||    54
         Potion            |       |       |       |       |       |       |     1 |     3 |    17 ||    21
   Stab: Sleeping          |     3 |     1 |       |       |       |       |       |       |       ||     4
         Distracted        |       |       |       |     1 |       |     1 |       |    12 |     1 ||    15
         Invisible         |       |       |       |       |       |       |       |    23 |       ||    23
 Armour: Animal skin       |    31 |     4 |       |       |       |       |       |       |       ||    35
         Ring mail         |       |    22 |       |       |       |       |       |       |       ||    22
         Scale mail        |       |     2 |       |       |       |       |       |       |       ||     2
         Chain mail        |       |    24 |    98 |   177 |   569 |   529 |   381 |       |       ||  1778
         Storm dragon scal |       |       |       |       |       |       |    43 |   472 |   263 ||   778
  Dodge: Dodged            |    43 |    42 |    46 |    46 |   203 |   345 |   286 |   304 |   120 ||  1435
         Repelled          |       |       |       |       |       |   110 |    36 |    64 |    26 ||   236

Table legend: (Time is in decaauts)
 A = Elapsed time spent in this place.
 B = Non-inter-level travel time spent in this place.
 C = Inter-level travel time spent in this place.
 D = Time resting spent in this place.
 E = Time spent auto-exploring this place.
 F = Levels seen in this place.
 G = Mean time per level.
                   A        B        C        D        E       F      G
               +--------+--------+--------+--------+--------+-----+--------+
         Total |  51035 |  48510 |   2525 |   8706 |  31598 |  45 | 1134.1 |
       Dungeon |  13363 |  12398 |    965 |   1294 |   9093 |  15 |  890.9 |
          Lair |   6897 |   6372 |    525 |    946 |   4337 |   5 | 1379.4 |
        Shoals |   3942 |   3723 |    219 |    837 |   1982 |   4 |  985.5 |
     Snake Pit |   4158 |   4028 |    130 |    674 |   2784 |   4 | 1039.5 |
  Orcish Mines |    924 |    857 |     67 |      0 |    609 |   2 |  462.0 |
        Vaults |   8224 |   8048 |    176 |   1771 |   4630 |   5 | 1644.8 |
        Depths |   6490 |   6269 |    221 |    986 |   4468 |   4 | 1622.5 |
           Zot |   6535 |   6315 |    220 |   2027 |   3512 |   5 | 1307.0 |
         Sewer |    499 |    499 |      0 |    169 |    181 |   1 |  499.0 |
               +--------+--------+--------+--------+--------+-----+--------+

Top non-repeatable levels by time:
Vaults:5: 3162 daAuts
Depths:4: 1980 daAuts
  Lair:5: 1853 daAuts
   Zot:5: 1830 daAuts
Vaults:3: 1829 daAuts
Depths:1: 1763 daAuts
Depths:2: 1734 daAuts
   Zot:4: 1642 daAuts
Vaults:4: 1616 daAuts
  Lair:2: 1583 daAuts
Vaults:2: 1556 daAuts
   Zot:1: 1518 daAuts
Shoals:1: 1512 daAuts
     D:4: 1497 daAuts
 Snake:3: 1493 daAuts

Levels and vault maps discovered:
D:1:      tarquinn_simple_flora_water_d, layout_loops_ring,
          basic_ecumenical_altar
D:2:      layout_loops_ring
D:3:      layout_loops_cross, gup_sewer_entry_pipe, uniq_terence
D:4:      layout_layer_cave, nicolae_ru_path_of_blood, grunt_gozag_statues,
          uniq_ijyb, uniq_crazy_yiuf_cottage
D:5:      layout_rooms, minmay_temple_entry_statues_pillars, serial_shops, shop
D:6:      layout_rooms, minmay_increasing_density, uniq_maggie
D:7:      layout_basic, serial_shops, nicolae_shop_behind_doors,
          minmay_the_grid_2x2 [minmay_the_grid_x, minmay_the_grid_garden,
          minmay_the_grid_eight, minmay_the_grid_prize_inner_circle]
D:8:      layout_basic, hellmonk_ghost_happy_afterlife, uniq_maurice
D:9:      layout_loops_ring, grunt_temple_overflow_order_and_chaos_1,
          david_lair_shrubbed, serial_shops, nicolae_shop_advertising_works
          [nicolae_subvault_shop_adworks]
D:10:     minmay_chambers_of_sevens, layout_rooms, minitemple
D:11:     layout_gridville, hiddenorc1_lemuel, ebering_ghost_xom
D:12:     hangedman_screamer, layout_basic, serial_shops, nicolae_diamond_shop
D:13:     layout_roguey, grunt_vaults_entry_fortified, uniq_josephine
D:14:     layout_loops_corners, minmay_misc_feat_roman,
          kennysheep_cluttered_room, cheibrodos_ashenzari_chains
D:15:     hellmonk_depths_entry_around_the_bend, layout_basic, nicolae_wwwww,
          serial_co_window_serial, co_window_paths_a,
          co_window_of_opportunity_a, co_window_corner_a,
          co_window_of_opportunity_a, co_window_of_opportunity_a,
          co_window_corner_cb, co_window_corner_b, co_window_broadway_c,
          co_window_corner_b, glass_columns_c, glass_columns_a, glass_columns_a,
          glass_columns_b, glass_columns_c, grunt_guarded_unrand_obsidian_axe
Lair:1:   layout_misc_corridors, hangedman_lair_generics_rect
Lair:2:   dragon1_lemuel, layout_gridlike, alex1729_snake_entry_snake,
          worms_lemuel, serial_bayou_shore_b, uniq_gastronok
Lair:3:   layout_regular_city, minmay_shoals_entry_hut, lemuel_fruit_fields,
          grunt_megastairs_1, serial_bayou_shore_b, lemuel_fruit_fields
Lair:4:   layout_roguey, minmay_stone_trees_small, st_stairs_3,
          lemuel_another_geyser, uniq_snorg
Lair:5:   wormcave, layout_long_grid, guppyfry_lair_end_dragon, slime_entry_1
Shoals:1: layout_shoals, nzn_prometheus_bound
Shoals:2: layout_shoals, nicolae_shoals_lost_giant_pillars, uniq_ilsuiw,
          uniq_roxanne, uniq_frances
Shoals:3: cheibrodos_shoals_three_sisters, layout_shoals, serial_shops, shop
Shoals:4: shoals_end_hellmonk_lost_city
Snake:1:  layout_chambers, serial_shops, shop, minmay_shop_grove,
          serial_bayou_shore_b, lemuel_fruit_tree
Snake:2:  gammafunk_the_bubble [the_bubble_gammafunk_roulette],
          layout_misc_corridors, basic_altar, minmay_shop_star, uniq_vashnia
Snake:3:  layout_basic, grunt_ministairs_2, nicolae_stop_n_shop_2,
          serial_bayou_shore_a
Snake:4:  minmay_snake_end_coiled, layout_misc_corridors, uniq_aizul
Orc:1:    layout_caves, basic_altar, serial_shops, shop
Orc:2:    kennysheep_orc_mage_school, layout_caves, nicolae_orc_stony_grotto,
          minmay_orc_temple_b
Vaults:1: advil_vaults_ghost_lines, nicolae_vaults_more_shelving_1,
          vaults_dpeg_cross, vaults_dpeg_encased_lava,
          ontoclasm_vaults_ring_large, ontoclasm_vaults_shout, v_rooms_4,
          ontoclasm_vaults_gateway, v_misc_33,
          nicolae_vaults_offset_grid_hallway_3, nicolae_vaults_tetromino_Z_2,
          vaults_room_pool, v_misc_27, layout_vaults_big_room, serial_shops,
          shop
Vaults:2: v_misc_31, v_misc_13, nicolae_vaults_security_offices_2,
          nicolae_vaults_three_branches, nicolae_vaults_meiosis, v_rooms_4,
          v_misc_22, v_pattern_4, nicolae_vaults_offset_grid_hallway_1,
          v_misc_29, nicolae_vaults_trapezoid_4,
          nicolae_vaults_trapezoid_lopsided_3, layout_vaults_big_cross
Vaults:3: nicolae_vaults_trapezoid_lopsided_4, nicolae_vaults_alarming,
          nicolae_vaults_trapezoid_1, nicolae_vaults_taking_the_gang_shopping,
          grunt_vaults_funnel, blue_anna_dwarven_crypt, v_misc_29,
          nicolae_vaults_diagonal_hallway_6, nicolae_vaults_specimen_jars,
          layout_vaults_omnigrid, serial_shops, nicolae_square_shop,
          uniq_donald, uniq_xtahua, uniq_saint_roka
Vaults:4: vaults_dpeg_diagonal, hangedman_vaults_cutoff, v_misc_1,
          vaults_mumra_minichess, v_misc_25, nicolae_vaults_oval_intersection,
          nicolae_vaults_variable_pillar_hall_cross, nicolae_vaults_asterisk,
          hangedman_vaults_nodes, v_misc_8, hangedman_vaults_cutoff,
          dpeg_vaults_monster_box, layout_vaults_ring, serial_shops, shop
Vaults:5: uniq_frederick, uniq_boris
Depths:1: layout_gridville, pf_coc_iceberg, grunt_ministairs_14,
          hangedman_decor_lopped, nicolae_sif_muna_little_library, firewood_loft
Depths:2: evilmike_iron_armoury, layout_twisted_cross, hellmouth_3,
          glass_columns_c, grunt_pan_entry_in_and_out,
          infiniplex_staircase_zigzag_5
Depths:3: kennysheep_bubbly, layout_cave_shapes, enter_ziggurat_c,
          grunt_pan_entry_sceptre, kennysheep_nub, minmay_room_of_horrors,
          hell_entry
Depths:4: hangedman_pleasuredromes, abyss_entry, hell_entry
Zot:1:    lemuel_firehouse, layout_concentric_octagons
Zot:2:    hangedman_zot_vaults_quadrants, layout_cathedral_of_symmetry,
          regret_index_zotdec_fiery_em, zot_minivault_1, lemuel_elevator
Zot:3:    gammafunk_sealed_library, layout_basic, hangedman_elemental_corridor
Zot:4:    layout_cathedral_of_symmetry, regret_index_zotdec_plus,
          nicolae_diode_quadrants, uniq_vv
Zot:5:    layout_cathedral_of_symmetry, st_stairs_4

Table legend: (Time is in decaauts)
 A = Elapsed time spent in this place.
 B = Non-inter-level travel time spent in this place.
 C = Inter-level travel time spent in this place.
 D = Time resting spent in this place.
 E = Time spent auto-exploring this place.
 F = Levels seen in this place.
 G = Mean time per level.
                   A        B        C        D        E       F      G
               +--------+--------+--------+--------+--------+-----+--------+
         Total |  51035 |  48510 |   2525 |   8706 |  31598 |  45 | 1134.1 |
       Dungeon |  13363 |  12398 |    965 |   1294 |   9093 |  15 |  890.9 |
          Lair |   6897 |   6372 |    525 |    946 |   4337 |   5 | 1379.4 |
        Shoals |   3942 |   3723 |    219 |    837 |   1982 |   4 |  985.5 |
     Snake Pit |   4158 |   4028 |    130 |    674 |   2784 |   4 | 1039.5 |
  Orcish Mines |    924 |    857 |     67 |      0 |    609 |   2 |  462.0 |
        Vaults |   8224 |   8048 |    176 |   1771 |   4630 |   5 | 1644.8 |
        Depths |   6490 |   6269 |    221 |    986 |   4468 |   4 | 1622.5 |
           Zot |   6535 |   6315 |    220 |   2027 |   3512 |   5 | 1307.0 |
         Sewer |    499 |    499 |      0 |    169 |    181 |   1 |  499.0 |
               +--------+--------+--------+--------+--------+-----+--------+

Top non-repeatable levels by time:
Vaults:5: 3162 daAuts
Depths:4: 1980 daAuts
  Lair:5: 1853 daAuts
   Zot:5: 1830 daAuts
Vaults:3: 1829 daAuts
Depths:1: 1763 daAuts
Depths:2: 1734 daAuts
   Zot:4: 1642 daAuts
Vaults:4: 1616 daAuts
  Lair:2: 1583 daAuts
Vaults:2: 1556 daAuts
   Zot:1: 1518 daAuts
Shoals:1: 1512 daAuts
     D:4: 1497 daAuts
 Snake:3: 1493 daAuts

Table legend:
 A = Kills in this place as a percentage of kills in the entire game.
 B = Kills by you in this place as a percentage of kills by you in the entire game.
 C = Kills by friends in this place as a percentage of kills by friends in the entire game.
 D = Other kills in this place as a percentage of other kills in the entire game.
 E = Experience gained in this place as a percentage of experience gained in the entire game.
 F = Experience gained in this place divided by the number of levels of this place that you have seen.
                   A       B       C       D       E      F
               +-------+-------+-------+-------+-------+----------------------
         Total | 100.0 | 100.0 | 100.0 | 100.0 | 100.0 | 25478.8
       Dungeon |  21.2 |  21.7 |   0.0 |   0.0 |   7.3 | 5583.3
          Lair |  11.1 |  11.4 |   0.0 |   0.0 |   4.9 | 11279.8
        Shoals |  10.1 |  10.2 |   7.1 |   0.0 |   9.5 | 27310.2
     Snake Pit |   8.7 |   8.8 |   2.4 |  50.0 |   7.7 | 22169.8
  Orcish Mines |   4.3 |   4.2 |  11.9 |   0.0 |   1.1 | 6450.0
        Vaults |  18.5 |  19.0 |   0.0 |   0.0 |  26.3 | 60374.2
        Depths |  13.1 |  12.1 |  54.8 |  50.0 |  17.1 | 49154.0
           Zot |  11.6 |  11.3 |  23.8 |   0.0 |  25.9 | 59380.2
         Sewer |   1.3 |   1.3 |   0.0 |   0.0 |   0.0 | 189.0
               +-------+-------+-------+-------+-------+----------------------
